 Dungeon Crawl Stone Soup version 0.30.1-11-g7821555f0a (webtiles) character file.

Game seed: 16006069826085513212

370 Evah the Chopper (level 6, -1/51 HPs)
             Began as a Minotaur Gladiator on Nov 13, 2023.
             Slain by an ice beast (4 damage)
             ... on level 4 of the Dungeon.
             The game lasted 00:41:23 (3286 turns).

Evah the Chopper (Minotaur Gladiator)               Turns: 3286, Time: 00:41:24

Health: -1/51      AC: 16    Str: 19    XL:     6   Next: 42%
Magic:  5/5        EV:  9    Int:  5    God:
Gold:   72         SH:  0    Dex: 13    Spells: 5/5 levels left

rFire   . . .        A - +3 quarterstaff (chaos)
rCold   . . .        (shield currently unavailable)
rNeg    . . .        t - +1 chain mail
rPois   .            c - +0 hat
rElec   .            (no cloak)
rCorr   .            u - +0 pair of gloves
SInv    .            s - +0 pair of boots
Will    .....        (no amulet) Stlth
                     r - +4 ring of protection
HPRegen 0.28/turn    (no ring)
MPRegen 0.09/turn

%: no passive effects
@: no status effects
A: horns 2, retaliatory headbutt
a: no special abilities


You were on level 4 of the Dungeon.
You visited 1 branch of the dungeon, and saw 5 of its levels.

You collected 200 gold pieces.
You spent 128 gold pieces at shops.

Inventory:

Hand Weapons
 a - a +0 war axe
 g - a +0 dagger
 i - a +0 spear
 n - a +0 short sword
 w - a +0 sling
 y - a +1 dagger of protection
 A - a +3 quarterstaff of chaos (weapon)
 C - a +0 hammer
 E - a +0 whip
Missiles
 d - 3 throwing nets (quivered)
 e - a javelin
 l - 41 stones
 q - 2 boomerangs
 v - 6 curare-tipped darts
 x - 2 atropa-tipped darts
 F - 6 poisoned darts
Armour
 b - a +0 leather armour
 c - a +0 hat (worn)
 m - a +0 ring mail
 s - a +0 pair of boots (worn)
 t - a +1 chain mail (worn)
 u - a +0 pair of gloves (worn)
 B - a +0 cloak
Jewellery
 r - a +4 ring of protection (left hand)
 D - a +6 ring of strength
Scrolls
 h - a scroll of identify
 k - 2 scrolls of teleportation
Potions
 f - a potion of brilliance
 j - 3 potions of curing
 o - 2 potions of might
 p - a potion of flight
 z - 2 potions of lignification
 G - 2 potions of resistance {unknown}
 J - a potion of attraction {unknown}


   Skills:
 + Level 3.1 Fighting
 * Level 6.0 Axes
 * Level 2.3 Staves
 + Level 2.3 Throwing
 * Level 3.8 Armour
 * Level 4.2 Dodging


You had 5 spell levels left.
You didn't know any spells.
Your spell library contained the following spells:

 Spells                   Type           Power      Damage    Failure   Level
 Dazzling Flash           Conj/Hex       0%         N/A       100%        3
 Agony                    Necr           0%         N/A       100%        5
 Silence                  Hex/Air        0%         N/A       100%        5


Dungeon Overview and Level Annotations

Branches:
Dungeon (5/15)
 Temple: D:4-7

Altars:

Shops:
D:3 *!!


Innate Abilities, Weirdness & Mutations

You have a pair of horns on your head.
You reflexively headbutt those who attack you in melee.


Message History

You kill the hobgoblin!
The orc priest barely misses you.
The orc priest hits you but does no damage.
The orc priest begins to cast a cantrip, but forgets the words!
You barely miss the orc priest.
The orc priest hits you but does no damage. x2
You closely miss the orc priest.
The orc priest hits you with a +0 trident.
You hit the orc priest but do no damage.
The orc priest hits you but does no damage.
The orc priest attacks as you move away!
The orc priest closely misses you.
The orc priest hits you but does no damage.
The orc priest looks satisfied for a moment.
The orc priest barely misses you.
The orc priest miscasts a cantrip.
The orc priest calls down the wrath of Beogh upon you.
Pain shoots through your body!
* * * LOW HITPOINT WARNING * * *
The orc priest miscasts a cantrip.
There is a stone staircase leading down here.
You climb downwards.
There is a stone staircase leading up here.
The ice beast attacks as you move away!
The ice beast hits you but does no damage.
The ice beast completely misses you. The ice beast attacks as you move away!
The ice beast hits you but does no damage.
The ice beast barely misses you. The ice beast attacks as you move away!
The ice beast barely misses you.
There is a stone staircase leading up here.
The ice beast hits you but does no damage.
You climb upwards.
The orc priest looks braver for a moment.
There is a stone staircase leading down here.
The orc priest mumbles some strange prayers to Beogh against you.
Pain shoots through your body!
* * * LOW HITPOINT WARNING * * *
The ice beast hits you.
You die...

################
#..........#...###
#.###............. #.#
#.#.##.#...... #.#
#.#.##.##.....
######.###.#.##.##.....
#.....@.##.#.##.###...#
#.####.Y##<#.##.# ##.##
#.# #..##.#....# #.#
#.####.o##.##...####.##
#......................
######.###o........#.##
#.# #...........# ##.#
#.........#.#
##..######...####.#


You could see an ice beast and an orc priest.

Vanquished Creatures
  A phantom (D:4)
  An orc priest (D:4)
  Crazy Yiuf (D:2)
  Natasha (twice) (D:3)
  Terence (D:3)
  An iguana (D:3)
  4 adders
  3 worms (D:2)
  4 dart slugs
  2 orcs
  4 ball pythons
  7 bats
  10 endoplasms
  2 giant cockroaches
  11 goblins
  8 hobgoblins
  5 jackals
  5 kobolds
  2 quokkas
  4 frilled lizards
  8 rats
86 creatures vanquished.

Vanquished Creatures (collateral kills)
  A dart slug (D:3)
1 creature vanquished.

Vanquished Creatures (others)
  A phantom (D:4)
1 creature vanquished.

Grand Total: 88 creatures vanquished

Notes
Turn   | Place    | Note
-------+----------+-------------------------------------------
     0 | D:1      | Evah the Minotaur Gladiator began the quest for the Orb.
     0 | D:1      | Reached XP level 1. HP: 18/18 MP: 0/0
   227 | D:1      | Reached skill level 4 in Axes
   227 | D:1      | Reached XP level 2. HP: 25/25 MP: 1/1
   715 | D:2      | Reached XP level 3. HP: 30/30 MP: 2/2
   748 | D:2      | Found a runed translucent door.
   749 | D:2      | Noticed Crazy Yiuf
   968 | D:2      | Reached skill level 1 in Armour
   995 | D:2      | Reached XP level 4. HP: 37/37 MP: 3/3
  1085 | D:2      | Reached skill level 5 in Axes
  1407 | D:2      | Killed Crazy Yiuf
  1629 | D:3      | Noticed Natasha
  1639 | D:3      | Killed Natasha
  1640 | D:3      | Reached XP level 5. HP: 32/44 MP: 4/4
  1707 | D:3      | Found Solegh's Distillery.
  1752 | D:3      | Noticed Natasha
  1769 | D:3      | Found Ladid's Distillery.
  1776 | D:3      | Killed Natasha
  1922 | D:3      | Noticed Terence
  1929 | D:3      | Killed Terence
  1930 | D:3      | Reached skill level 1 in Staves
  2346 | D:3      | Found Fess's Assorted Antiques.
  2358 | D:3      | Bought a scroll labelled WERYEL UGRAES for 25 gold pieces
  2558 | D:3      | Bought a potion of flight for 33 gold pieces
  2575 | D:3      | Bought a potion of might for 40 gold pieces
  2575 | D:3      | Bought a potion of lignification for 30 gold pieces
  2879 | D:4      | Noticed a phantom
  2948 | D:4      | Killed a phantom
  2949 | D:4      | Reached skill level 6 in Axes
  2949 | D:4      | Reached XP level 6. HP: 51/51 MP: 5/5
  3260 | D:5      | Entered Level 5 of the Dungeon
  3260 | D:5      | Noticed an ice beast
  3286 | D:4      | Slain by an ice beast

Illustrated notes

Levels and vault maps discovered:
D:1:      dpeg_arrival_rooms_a, layout_basic
D:2:      layout_rooms, minmay_pentomino_r2, uniq_crazy_yiuf_cottage
D:3:      layout_basic, serial_shops, nicolae_square_shop, shop,
          nicolae_shop_advertising_works [nicolae_subvault_shop_adworks],
          uniq_terence, uniq_natasha
D:4:      kennysheep_six_static_rooms, layout_loops_ring
D:5:      layout_loops_corners, mainiacjoe_overflow_surrounded_room,
          abandoned_shop, uniq_ijyb, uniq_pikel

Skill      XL: |  1  2  3  4  5 |
---------------+----------------+-----
Axes           | 4 5 6 |  6.0
Armour         | 1 3 |  3.8
Dodging        | 4 |  4.2
Fighting       | 3 |  3.1
Staves         | 2 |  2.3
Throwing       | |  2.3

Action                     |  1- 3 |  4- 6 || total
---------------------------+-------+-------++-------
  Melee: War axe           |    68 |    19 ||    87
         Headbutt          |    10 |    16 ||    26
         Quarterstaff      |       |    76 ||    76
    Use: Scroll            |       |     9 ||     9
 Armour: Leather armour    |     7 |       ||     7
         Ring mail         |    15 |       ||    15
         Chain mail        |    10 |    66 ||    76
  Dodge: Dodged            |    28 |    42 ||    70
